 Dungeon Crawl Stone Soup version 0.25-a0-1133-g93ebf739aa (webtiles) character file.

Game seed: 17249799049180305103, levelgen mode: deterministic

153 Hastur the Skirmisher (level 5, -1/42 HPs)
             Began as a Demonspawn Artificer on May 21, 2020.
             Slain by a gnoll
             ... wielding a +0 flail
              (4 damage)
             ... on level 3 of the Dungeon.
             The game lasted 00:06:12 (3150 turns).

Hastur the Skirmisher (Demonspawn Artificer)        Turns: 3150, Time: 00:06:13

Health: -1/42      AC:  3    Str: 12    XL:     5   Next: 12%
Magic:  7/7        EV: 12    Int: 12    God:
Gold:   184        SH:  0    Dex: 15    Spells: 4/4 levels left

rFire    . . .     SeeInvis .   r - +1 trident (venom)
rCold    . . .     Gourm    .   (no shield)
rNeg     . . .     Faith    .   b - +0 leather armour
rPois    .         Spirit   .   (no helmet)
rElec    .         Reflect  .   (no cloak)
rCorr    .         Harm     .   (no gloves)
MR       .....                  (no boots)
Stlth    ++........             (no amulet)
HPRegen  0.14/turn              (no ring)
MPRegen  0.10/turn              (no ring)

@: no status effects
A: powered by pain 2, rot immunity
a: no special abilities


You were on level 3 of the Dungeon.
You were not hungry.

You visited 1 branch of the dungeon, and saw 3 of its levels.

You collected 184 gold pieces.

Inventory:

Hand Weapons
 a - a +0 short sword
 h - a +0 hunting sling
 n - a +0 mace of protection
 r - a +1 trident of venom (weapon)
Missiles
 j - 13 stones (quivered)
 k - 30 sling bullets
Armour
 b - a +0 leather armour (worn)
Jewellery
 g - an uncursed ring of protection from magic {unknown}
Wands
 c - a wand of flame (13)
 d - a wand of enslavement (14)
 e - a wand of random effects (15)
Scrolls
 i - 4 scrolls of identify {unknown}
 q - a scroll of immolation {unknown}
 s - 2 scrolls of teleportation {unknown}
 t - a scroll of remove curse {unknown}
 u - a scroll of fog {unknown}
 v - a scroll of amnesia {unknown}
Potions
 l - a potion of curing {unknown}
 m - a potion of lignification {unknown}
 p - a potion of degeneration {unknown}
 w - a potion of heal wounds {unknown}
Comestibles
 f - 3 rations
 o - 4 chunks of flesh


   Skills:
 + Level 4.0 Fighting
 - Level 0.8 Short Blades
 - Level 1.7 Dodging
 - Level 3.0 Stealth
 - Level 3.0 Evocations


You had 4 spell levels left.
You didn't know any spells.
Your spell library contained the following spells:

 Spells                   Type           Power        Failure   Level  Hunger
 Beastly Appendage        Tmut           #.....       38%         1    ##.....
 Sticks to Snakes         Tmut           #.......     54%         2    ###....
 Spider Form              Tmut/Pois      #.........   77%         3    ####...
 Ice Form                 Ice/Tmut       #.......     99%         4    #####..
 Blade Hands              Tmut           #.........   100%        5    ######.


Dungeon Overview and Level Annotations

Branches:
Dungeon (3/15)

Altars:


Innate Abilities, Weirdness & Mutations

You sometimes gain power by taking damage.
You are immune to rotting.


Message History

You are held in a net!
You tear a large gash into the net.
The gnoll closely misses you.
You struggle against the net.
You rip the net and break free!
The gnoll hits you but does no damage.
The gnoll hits you from afar with a +0 spear!
The gnoll throws a throwing net.
The throwing net hits you.
You become entangled in the net!
You struggle against the net.
The gnoll barely misses you. The gnoll hits you with a +0 halberd!
You struggle against the net.
The gnoll hits you from afar with a +0 spear.
The gnoll hits you with a +0 halberd!
You struggle against the net.
The gnoll hits you but does no damage. The gnoll hits you with a +0 halberd!
* * * LOW HITPOINT WARNING * * *
You shred the net and break free!
The gnoll hits you from afar with a +0 spear.
* * * LOW HITPOINT WARNING * * *
The gnoll hits you with a +0 flail.
You die...

.. <# .# # .
######.# # ..
#......##.#
##.#######..........
................#
................# #
......†...g.....##..
........@g..........
.........g......####
# ................#
#.#
.^.........#.##.#
#.. ...........#.#
.# # ..........$#.#
.# # ...........#.#
# ...........#.#
####### ########.#
.......


You could see 3 gnolls.

Vanquished Creatures
  A bullfrog (D:3)
  2 oozes (D:3)
  3 worms
  3 dart slugs
  A leopard gecko (D:3)
  4 orcs
  6 giant cockroaches
  3 goblins
  4 hobgoblins
  6 jackals (D:2)
  A quokka (D:2)
  5 bats
  3 frilled lizards
  8 kobolds
  9 rats
59 creatures vanquished.

Vanquished Creatures (collateral kills)
  A hobgoblin (D:1)
  A kobold (D:1)
2 creatures vanquished.

Vanquished Creatures (others)
  A leopard gecko (D:1)
1 creature vanquished.

Grand Total: 62 creatures vanquished

Notes
Turn   | Place    | Note
-------+----------+-------------------------------------------
     0 | D:1      | Hastur the Demonspawn Artificer began the quest for the
                  | Orb.
     0 | D:1      | Reached XP level 1. HP: 15/15 MP: 3/3
    26 | D:1      | Reached skill level 1 in Stealth
   269 | D:1      | Gained mutation: You are immune to rotting. [demonic
                  | ancestry]
   269 | D:1      | Reached XP level 2. HP: 4/21 MP: 4/4
  1566 | D:1      | Reached skill level 2 in Fighting
  1837 | D:2      | Reached XP level 3. HP: 21/27 MP: 5/5
  2860 | D:2      | Gained mutation: You sometimes gain a little power by
                  | taking damage. [demonic ancestry]
  2860 | D:2      | Reached XP level 4. HP: 26/34 MP: 6/6
  3011 | D:3      | Reached skill level 3 in Fighting
  3096 | D:3      | Noticed a bullfrog
  3104 | D:3      | Killed a bullfrog
  3104 | D:3      | Reached skill level 4 in Fighting
  3104 | D:3      | Gained mutation: You sometimes gain power by taking damage.
                  | [demonic ancestry]
  3104 | D:3      | Reached XP level 5. HP: 36/42 MP: 7/7
  3150 | D:3      | Slain by a gnoll

Illustrated notes

Levels and vault maps discovered:
D:1:      dpeg_arrival_boxes_within_box, layout_basic
D:2:      layout_loops_ring
D:3:      layout_basic, nemelex_altar_shiori, chequers_ecumenical_altar_grove

Skill      XL: |  1  2  3  4 |
---------------+-------------+-----
Stealth        | 1 2 3 |  3.0
Fighting       | 2 4 |  4.0
Short Blades   | |  0.8
Dodging        | |  1.7
Evocations     | |  3.0

Action                   |  1- 3 |  4- 6 || total
-------------------------+-------+-------++-------
Melee: Short sword       |   174 |       ||   174
       Trident           |    27 |    23 ||    50
Evoke: Wand              |     3 |       ||     3
 Stab: Sleeping          |    10 |       ||    10
       Distracted        |       |     1 ||     1
  Eat: Chunk             |     6 |     1 ||     7
Armor: Leather armour    |    61 |     5 ||    66
Dodge: Dodged            |   130 |    16 ||   146

Table legend:
 A = Non-vault XP
 B = Vault XP
 C = Vault XP percentage of total XP
 D = Non-vault monster count
 E = Vault monster count
 F = Vault count percentage of total count
                 A         B        C        D         E       F
            +---------+---------+-------+---------+---------+-------
      Total |     219 |       0 |   0.0 |      61 |       0 |   0.0
            +---------+---------+-------+---------+---------+-------
        D:1 |      33 |       0 |   0.0 |      22 |       0 |   0.0
        D:2 |      65 |       0 |   0.0 |      30 |       0 |   0.0
        D:3 |     121 |       0 |   0.0 |       9 |       0 |   0.0
            +---------+---------+-------+---------+---------+-------
